cohdb
Replays
Latest Replays
All Replays
Popular Replays
Top Player Replays
Match Explorer
How It Works
Community
CoH3 Stats
Reddit
Sign in to upload your games and track your stats! →
Sign in with Steam
Match 24833054
Unlisted
Match 24833054
Overview
Messages
Build Orders
End
Construct Section Command Post
Infantry Section
ML 3-inch Mortar Team
Dingo Light Scout Car
Infantry Section
Infantry Section
Construct Platoon Command Post
Selects Indian Artillery Battlegroup
Selects Towed ML 4.2-inch Heavy Mortar
Towed ML 4.2-inch Heavy Mortar
Selects War Cry
Selects Gurkha Rifles Section
Gurkha Rifles Section
6-pounder Anti-tank Gun Team
Grenade Package
Construct Company Command Post
Selects Off-map Airburst Barrage
Off-map Airburst Barrage
Matilda II Heavy Tank
Selects BL5.5 Artillery Emplacement
Foot Guards Section
Off-map Airburst Barrage
Foot Guards Section
Unlock M3 Grant Medium Tanks
Off-map Airburst Barrage
Team Weapon Training
M3 Grant Medium Tank
M3 Grant Medium Tank
Off-map Airburst Barrage
Foot Guards Section
Selects Volunteer Infantry
Foot Guards Section
M3 Grant Medium Tank
Off-map Airburst Barrage
M3 Grant Medium Tank
Foot Guards Section
Off-map Airburst Barrage
M3 Grant Medium Tank
Foot Guards Section
M3 Grant Medium Tank
Off-map Airburst Barrage
SneaKerz
gb_gbg
Bomir10
Váng
0
0
Comments
sign in to comment!
No comments posted yet!